 Dungeon Crawl Stone Soup version 0.19.0-24-gb05acd6 (webtiles) character file.

637967 tv1990 the Impregnable (level 27, -3/247 HPs)
             Began as a Formicid Necromancer on Nov 19, 2016.
             Was the Champion of Okawaru.
             Slain by an Orb Guardian (11 damage)
             ... on level 5 of the Realm of Zot on Nov 21, 2016.
             The game lasted 06:15:05 (82973 turns).

tv1990 the Impregnable (Formicid Necromancer)      Turns: 82973, Time: 06:15:05

Health: -3/247     AC: 46    Str: 24      XL:     27
Magic:  20/21      EV: 24    Int: 20 (21) God:    Okawaru [******]
Gold:   2059       SH: 19    Dex: 24      Spells: 2 memorised, 25 levels left

rFire  + + .     SeeInvis +     m - +8 dire flail "Xosu" {crush, +Rage rC+ MP-9 Str+3}
rCold  + + .     Gourm    .     k - +10 gold dragon scales
rNeg   . . .     Faith    +     P - +4 shield "Wuyn" {rPois Int+4 Dex+4}
rPois  +         Spirit   .     (helmet unavailable)
rElec  +         Reflect  .     i - +2 cloak
rCorr  .         Harm     .     U - +0 pair of gloves "Uloe" {Str+6}
MR     ++++.                    p - +0 pair of boots of Amelioration {rPois Regen+ Str-4 Dex+2}
Stlth  ..........               b - amulet of faith
                                Y - ring "Duot" {rElec MR+}
                                L - ring "Lem Yggi" {-Tele rF+ MR+ Dex+2}

@: heroism
A: permanent stasis, dig shafts and tunnels, four strong arms, antennae 3,
rugged brown scales 1, blurry vision 1, deterioration 1, poison resistance
a: Dig, Shaft Self, Heroism, Finesse, Renounce Religion
}: 3/15 runes: serpentine, barnacled, silver


You were on level 5 of the Realm of Zot.
You worshipped Okawaru.
Okawaru was exalted by your worship.
You were very full.

You visited 9 branches of the dungeon, and saw 49 of its levels.
You visited 2 bazaars.
You also visited: Sewer, Ossuary, Bailey and Ice Cave.

You collected 6849 gold pieces.
You spent 4790 gold pieces at shops.

Inventory:

Hand Weapons
 h - a +9 whip of pain
 m - the +8 dire flail "Xosu" (weapon) {crush, +Rage rC+ MP-9 Str+3}
   (Okawaru gifted it to you on level 5 of the Vaults)

   It inflicts extra damage upon your enemies.
   It affects your strength (+3).
   It protects you from cold.
   It affects your magic capacity (-9).
   It lets you go berserk.
 n - a +4 sacred scourge of holy wrath
 r - a +4 antimagic dire flail
 y - the +7 sceptre of Torment
   (You found it on level 3 of the Depths)
 E - the +9 staff of Olgreb {rPois}
   (You found it on level 6 of the Dungeon)

   It protects you from poison.
Armour
 i - a +2 cloak (worn)
 k - +10 gold dragon scales (worn)
 p - the +0 pair of boots of Amelioration (worn) {rPois Regen+ Str-4 Dex+2}
   (You acquired it on level 5 of the Realm of Zot)

   It affects your strength (-4).
   It affects your dexterity (+2).
   It protects you from poison.
   It increases your rate of regeneration.
 s - a +1 pair of boots
 P - the +4 shield "Wuyn" (worn) {rPois Int+4 Dex+4}
   (You found it on level 13 of the Dungeon)

   It affects your intelligence (+4).
   It affects your dexterity (+4).
   It protects you from poison.
 U - the +0 pair of gloves "Uloe" (worn) {Str+6}
   (You took it off Nikola on level 2 of the Depths)

   It affects your strength (+6).
Jewellery
 b - an amulet of faith (around neck)
 L - the ring "Lem Yggi" (left hand) {-Tele rF+ MR+ Dex+2}
   (You bought it in a shop on level 2 of the Orcish Mines)

   [ring of dexterity]

   It affects your dexterity (+2).
   It protects you from fire.
   It affects your resistance to hostile enchantments.
   It prevents most forms of teleportation.
 Y - the ring "Duot" (right hand) {rElec MR+}
   (You found it on level 4 of the Shoals)

   [ring of protection from magic]

   It insulates you from electricity.
   It affects your resistance to hostile enchantments.
Wands
 l - a wand of lightning (1/15)
 z - a wand of lightning (1/15)
 K - a wand of heal wounds (0/9)
 S - a wand of lightning (8/15)
 X - a wand of iceblast (2/15)
Scrolls
 a - 3 scrolls of holy word
 d - 3 scrolls of recharging
 f - 2 scrolls of brand weapon
 g - 2 scrolls of summoning
 v - 15 scrolls of remove curse
 C - 6 scrolls of immolation
 D - a scroll of noise
 H - 2 scrolls of fog
 J - 4 scrolls of silence
 N - 2 scrolls of amnesia
 R - 11 scrolls of fear
 V - 6 scrolls of identify
Potions
 e - a potion of might
 j - 9 potions of flight
 o - 21 potions of curing
 t - 5 potions of brilliance
 u - 2 potions of ambrosia
 B - 2 potions of cancellation
 F - 4 potions of magic
 G - 4 potions of invisibility
 O - a potion of resistance
 T - 2 potions of cure mutation
Comestibles
 c - 20 bread rations
 w - 6 royal jellies
 W - a meat ration


   Skills:
 + Level 24.9(27) Fighting
 - Level 18.0(23.0) Maces & Flails
 + Level 25.0(27) Armour
 + Level 21.2(26.2) Dodging
 - Level 2.4(7.4) Stealth
 - Level 10.5(15.5) Shields
 - Level 2.2 Spellcasting
 - Level 18.5 Necromancy
 - Level 9.4 Invocations
 - Level 8.0 Evocations


You had 25 spell levels left.
You knew the following spells:

 Your Spells              Type           Power        Failure   Level  Hunger
a - Pain                  Necr           ####         1%          1    #......
b - Animate Dead          Necr           N/A          1%          4    #####..


Dungeon Overview and Level Annotations

Branches:
Dungeon (15/15)            Temple (0/1) D:7            Lair (6/6) D:9
 Shoals (4/4) Lair:4        Snake (4/4) Lair:3        Slime (0/5) Lair:6
    Orc (2/2) D:9             Elf (3/3) Orc:2        Vaults (5/5) D:13
  Crypt (0/3) Vaults:3     Depths (5/5) D:15            Zot (5/5) Depths:5

Altars:
Ashenzari
Cheibriados
Dithmenos
Fedhas
Kikubaaqudgha
Makhleb
Nemelex Xobeh
Okawaru
Qazlal
Trog
Vehumet
Yredelemnul
The Shining One
Jiyva

Shops:
D:8 [   D:12 (   D:13 (   Orc:2 (*[=   Elf:2 :   Elf:3 (:*}   Snake:4 !
Vaults:3 =   Vaults:5 %%?!!!%%

Portals:
Hell: Depths:1 Depths:2 Depths:3 Depths:4 Depths:5
Abyss: Depths:4
Pandemonium: Depths:3
Ziggurat: Depths:4
Bazaar: Depths:5
Trove: D:15 (give +8 demon blade)

Annotations:
D:5 TheWoodenMan's ghost, novice MfGl
D:6 1 runed door
Lair:4 exclusion: oklob plant
Lair:6 1 runed door
Shoals:2 Polyphemus


Innate Abilities, Weirdness & Mutations

You are under a permanent stasis effect.
You can dig through walls and to a lower floor.
Your four strong arms can wield two-handed weapons with a shield.
You have a pair of large antennae on your head. (SInv)
You are partially covered in rugged brown scales. (AC +1, +3% HP)
Scrolls take you a little longer to read.
Your body sometimes deteriorates upon taking damage.
Your system is resistant to poisons. (rPois)


Message History

You block the Orb Guardian's attack. The Orb Guardian completely misses you.
An Orb Guardian comes into view.
Press: ? - help, v - describe, . - travel
Here: an Orb Guardian (heavily wounded)
The floor.
Unknown command.
Unknown command.
You feel better. The Orb Guardian hits you!
* * * LOW HITPOINT WARNING * * *
The Orb Guardian completely misses you. You block the Orb Guardian's attack.
Really read with blurry vision while enemies are nearby?
You block the Orb Guardian's attack.
The Orb Guardian hits you but does no damage.
The Orb Guardian hits you!!
* * * LOW HITPOINT WARNING * * *
You begin reading the scroll.
You continue reading the scroll.
You block the Orb Guardian's attack. x3
You hear a loud "Zot"!
The Orb Guardian hits you!
You die...

************** ,,,,,,,,,....▓▓▓*
,,,,,,,,........▓▓▓ *
,,,,,,,...........▓▓ **
,,,,,,.............▓ **▓▓▓**** *,
,,.................▓**..X.,,,***,
,..................▓*.....,,,,**,
...................▓......,,,,,*,
................@X.X.....0,,,,,,,
................XX.▓......,,,,,*,
...................▓*.....,,,,**,
...................▓**....,,,***,
...................# **▓▓▓**** *,
.....^............## **
................▓## *
.........^...▓▓▓▓
....##▓▓▓▓▓▓▓▓▓▓▓#


You could see 4 Orb Guardians.

Vanquished Creatures
  Mennas (Vaults:4)
  2 ancient liches (Zot:5)
  4 orbs of fire
  3 greater mummies (Depths:3)
  Bai Suzhen (Shoals:3)
  Saint Roka (Vaults:1)
  The ghost of magipi the Spry, a veteran DEBe of Trog (Zot:3)
  Xtahua (Vaults:5)
  2 Killer Klowns (Zot:5)
  2 curse toes
  Jory (Vaults:4)
  10 golden dragons
  Nikola (Depths:2)
  3 liches
  2 electric golems
  16 Orb Guardians (Zot:5)
  8 titans
  Asterion (Vaults:1)
  The ghost of removeelyvilon the Unseen, an adept NaTm of Cheibriados (Shoals:1)
  14 tentacled monstrosities
  11 quicksilver dragons
  3 deep elf blademasters
  A kraken (Shoals:4)
  8 death cobs
  4 sphinxes
  4 tengu reavers
  7 storm dragons
  Kirke (D:15)
  14 shadow dragons
  8 nagarajas
  Roxanne (Shoals:2)
  13 fire giants
  4 draconian monks
  6 deep elf sorcerers
  Ilsuiw (Shoals:3)
  11 frost giants
  3 draconian scorchers
  17 vault wardens
  7 draconian knights
  5 draconian zealots
  Aizul (Vaults:1)
  2 iron dragons
  An orc warlord (Orc:2)
  11 draconian shifters
  18 ironheart preservers
  4 ghost moths
  6 deep elf elementalists
  A ghoul (Vaults:3)
  6 draconian annihilators
  5 spriggan defenders
  2 war gargoyles (Vaults:5)
  18 very ugly things
  3 draconian callers
  A caustic shrike skeleton (Depths:2)
  18 stone giants
  9 deep elf demonologists
  6 black draconians
  4 entropy weavers
  3 vampire knights
  8 deep elf annihilators
  11 white draconians
  4 yellow draconians
  14 green draconians
  7 purple draconians
  9 red draconians
  A dire elephant (Lair:2)
  2 spark wasps (Depths:4)
  9 mottled draconians
  12 ettins
  A merfolk javelineer (Shoals:4)
  2 mummy priests (Depths:3)
  5 deep elf death magi
  2 jiangshi (Depths:2)
  10 merfolk impalers
  A great orb of eyes (shapeshifter) (Vaults:4)
  21 yaktaur captains
  Fannar (Lair:2)
  32 vault guards
  9 fire dragons
  8 deep elf high priests
  9 great orbs of eyes
  3 rakshasas
  19 naga warriors
  11 ice dragons
  9 hydras
  A hell beast (Depths:1)
  A spriggan air mage (Depths:5)
  Erolcha (D:12)
  2 catoblepae
  15 anacondas
  9 centaur warriors
  A juggernaut simulacrum (Depths:2)
  A satyr (Shoals:2)
  A merfolk aquamancer (Shoals:4)
  4 merfolk avatars
  4 death knights
  7 tengu warriors
  16 ogre magi
  32 dancing weapons
  3 vampire magi
  7 death yaks
  14 deep troll shamans
  10 deep troll earth magi
  4 orc high priests
  9 naga sharpshooters
  4 spriggan berserkers
  26 deep elf knights
  5 shock serpents
  Sonja (D:14)
  A salamander mystic (Snake:3)
  2 shadow wraiths (Vaults:4)
  The ghost of TotoDurand the Skirmisher, a novice DsFi (D:6)
  5 hell knights
  6 iron trolls
  4 unseen horrors
  3 flayed ghosts
  3 skeletal warriors
  6 naga ritualists
  2 spriggan druids (Depths:2)
  A swamp dragon (shapeshifter) (Depths:1)
  13 sea snakes
  7 hill giants
  3 glowing orange brains
  12 ironbrand convokers
  3 wizards
  27 deep elf archers
  47 deep trolls
  Pikel (D:4)
  34 harpies
  7 phantasmal warriors
  2 lindwurms
  19 orc knights
  2 frost giant zombies
  3 wolf spiders
  10 necromancers
  2 mana vipers
  13 fauns
  74 deep elf magi
  A fire giant zombie (Depths:2)
  7 manticores
  23 ugly things
  14 salamanders
  8 orc sorcerers
  An iron dragon zombie (Depths:1)
  A sphinx skeleton (Vaults:2)
  A stone giant zombie (Depths:1)
  5 cyclopes
  27 moths of wrath
  A stone giant skeleton (Vaults:2)
  12 vault sentinels
  18 sirens
  5 ice statues (IceCv)
  A salamander (shapeshifter) (Depths:2)
  A guardian serpent (Snake:1)
  7 elephants
  3 molten gargoyles (Lair:6)
  An orange demon (D:8)
  3 eyes of devastation (Depths:4)
  40 black mambas
  16 naga magi
  5 water nymphs
  9 spiny frogs
  2 gargoyles (D:14)
  2 rime drakes
  4 centaur skeletons
  5 komodo dragons
  An efreet (D:14)
  A spark wasp simulacrum (Depths:1)
  63 yaktaurs
  9 ice devils
  3 harpy zombies (Shoals:1)
  A red devil (Depths:1)
  A spriggan skeleton (Depths:1)
  4 freezing wraiths
  A jumping spider (shapeshifter) (Depths:3)
  A queen bee (D:14)
  A troll (shapeshifter) (Depths:1)
  A polar bear (Lair:5)
  A tengu conjurer (Depths:1)
  A jumping spider (Vaults:1)
  7 wind drakes
  7 trolls
  13 hornets
  18 slime creatures
  A yaktaur skeleton (Vaults:3)
  16 merfolk
  A queen bee (shapeshifter) (Vaults:3)
  A sphinx simulacrum (Depths:2)
  A wind drake (shapeshifter) (Depths:2)
  A harpy skeleton (D:14)
  A wolf spider simulacrum (Vaults:1)
  A raiju (shapeshifter) (Vaults:2)
  24 two-headed ogres
  A blink frog (shapeshifter) (D:12)
  An ice dragon skeleton (Depths:1)
  13 dream sheep
  4 blink frogs
  A fire dragon zombie (Depths:1)
  15 hippogriffs
  An ettin zombie (Vaults:4)
  A fire giant simulacrum (Vaults:4)
  A stone giant simulacrum (Vaults:3)
  12 spriggans
  3 snapping turtles
  2 ettin skeletons (Vaults:2)
  Sigmund (D:3)
  5 redbacks
  A tarantella (Vaults:4)
  28 yaks
  2 air elementals (Elf:3)
  7 wyverns
  A hog (D:15)
  3 wraiths
  A deep troll skeleton (Depths:1)
  A hog (shapeshifter) (Depths:3)
  A hill giant zombie (D:9)
  A tarantella (shapeshifter) (Vaults:1)
  9 basilisks
  16 water elementals
  2 basilisks (shapeshifter)
  5 fire elementals
  A human simulacrum (Vaults:2)
  3 golden eyes (Depths:4)
  4 vampire mosquitoes (D:12)
  5 hungry ghosts
  A yaktaur simulacrum (Vaults:4)
  6 wargs
  A deep troll zombie (Vaults:4)
  5 mottled dragons
  61 nagas
  6 soldier ants (D:6)
  16 water moccasins
  Duvessa (D:5)
  3 floating eyes
  4 hell hounds (Lair:6)
  8 porcupines
  5 ice beasts
  An elf zombie (Vaults:4)
  63 orc warriors
  4 sky beasts
  A spriggan simulacrum (Depths:1)
  An eye of draining (shapeshifter) (Elf:2)
  An ice beast (shapeshifter) (Depths:3)
  4 black bears (Lair:2)
  An ice dragon simulacrum (Depths:1)
  A necrophage (D:8)
  9 wolves
  21 centaurs
  A phantom (D:9)
  57 ogres
  19 boggarts
  7 crocodiles
  16 bullfrogs
  2 gnoll sergeants
  Dowan (D:5)
  2 human skeletons (Vaults:3)
  A wyvern zombie (D:14)
  2 earth elementals
  A glowing shapeshifter simulacrum (Depths:2)
  2 scorpions (D:7)
  4 troll zombies (D:9)
  5 wights (D:8)
  15 killer bees
  2 electric eels (Lair:4)
  2 howler monkeys
  10 crimson imps
  5 lava snakes (Lair:6)
  4 centaur zombies
  A quasit (D:10)
  6 bullfrog zombies
  8 hounds
  4 jellies
  3 bullfrog skeletons
  A gnoll shaman (D:8)
  23 orc priests
  22 orc wizards
  11 iron imps (D:8)
  Ijyb (D:2)
  11 worker ants
  2 iguanas
  5 hell rats (Lair:1)
  2 troll simulacra (IceCv)
  2 centaur simulacra (IceCv)
  3 ogre zombies (D:9)
  4 hound zombies
  8 mummies (Ossuary)
  A howler monkey zombie (Ossuary)
  5 worker ant zombies
  Robin (D:4)
  19 adders
  10 gnolls
  2 howler monkey skeletons
  An ogre simulacrum (IceCv)
  A river rat (Sewer)
  5 naga simulacra (IceCv)
  4 shadow imps
  4 oozes
  2 adder zombies (Ossuary)
  7 worms
  An adder skeleton (D:3)
  4 dart slugs
  7 leopard geckos
  126 orcs
  2 bats
  5 giant cockroaches
  14 goblins
  14 hobgoblins
  A kobold (shapeshifter) (Elf:1)
  8 quokkas
  4 ball pythons
  15 frilled lizards
  A giant cockroach zombie (Ossuary)
  2 gnoll zombies (D:4)
  3 goblin zombies (D:9)
  2 hobgoblin zombies (D:9)
  A jackal zombie (D:3)
  12 kobolds
  3 leopard gecko zombies (Ossuary)
  5 orc skeletons (D:9)
  15 orc zombies (D:9)
  A quokka skeleton (D:6)
  5 quokka zombies (Ossuary)
  21 rats
  2 butterflies
2425 creatures vanquished.

Vanquished Creatures (collateral kills)
  An ancient lich (Vaults:5)
  A bone dragon (Depths:5)
  A tentacled monstrosity (Zot:3)
  2 death cobs
  A shadow dragon (Vaults:4)
  A nagaraja (Snake:3)
  A draconian monk (Zot:3)
  A draconian knight (Depths:5)
  A frost giant (Depths:3)
  A draconian zealot (Depths:5)
  A very ugly thing (Depths:4)
  2 ironheart preservers
  A war gargoyle (Vaults:5)
  2 stone giants
  An entropy weaver (Vaults:5)
  A yellow draconian (Depths:5)
  A white draconian (Zot:3)
  2 fire dragons
  A merfolk impaler (Shoals:4)
  A great orb of eyes (Depths:3)
  A yaktaur captain (Vaults:5)
  A rakshasa (Vaults:1)
  3 naga warriors
  A merfolk aquamancer (Shoals:4)
  An anaconda (Snake:1)
  A merfolk avatar (Shoals:4)
  A centaur warrior (Vaults:1)
  A naga sharpshooter (Snake:1)
  A deep troll earth mage (Vaults:2)
  A tengu warrior (Depths:2)
  2 sea snakes
  An iron troll (Depths:3)
  A kraken simulacrum (Shoals:4)
  A spriggan druid (Depths:2)
  2 deep trolls
  A hill giant (Vaults:1)
  A naga ritualist (Snake:1)
  A lindwurm (Lair:2)
  A phantasmal warrior (Depths:3)
  3 harpies
  A deep elf mage (Elf:2)
  2 mana vipers
  2 orc knights
  2 fauns (Shoals:2)
  A cyclops (Vaults:1)
  A manticore (Shoals:4)
  2 slime creatures (Depths:5)
  A siren (Shoals:4)
  An elephant (Lair:4)
  2 black mambas
  A naga mage (Snake:2)
  Maurice (Orc:2)
  A vault sentinel (Vaults:1)
  2 water nymphs (Shoals:4)
  A spiny frog (Lair:4)
  A freezing wraith (Vaults:2)
  9 yaktaurs
  A merfolk (Shoals:4)
  2 hornets (Depths:2)
  A wind drake (Shoals:2)
  2 two-headed ogres (Vaults:1)
  A blink frog (Lair:4)
  A hippogriff (Shoals:3)
  A spriggan (Depths:2)
  2 wraiths (Vaults:1)
  4 water elementals
  3 wyverns (Lair:6)
  2 basilisks (Shoals:4)
  2 wargs
  3 nagas
  2 mottled dragons
  A hell hound (Lair:6)
  2 orc warriors
  6 ogres
  A centaur (D:14)
  2 orc priests
  2 orc wizards
  3 orcs
  A bat zombie (Shoals:1)
  A fungus (Orc:2)
  A plant (Depths:2)
  A tentacle (Shoals:4)
129 creatures vanquished.

Vanquished Creatures (others)
  A titan (Vaults:5)
  A deep elf sorcerer (Vaults:5)
  A draconian annihilator (Zot:1)
  A very ugly thing (Depths:1)
  A deep elf demonologist (Elf:3)
  A tengu zombie (Vaults:4)
  A glowing orange brain (Vaults:1)
  A black mamba (Snake:4)
  A human (D:15)
  An ogre (Depths:4)
  An orc wizard (D:7)
  An orc (Vaults:5)
  A giant cockroach (D:4)
  24 fungi
  56 plants
  16 tentacles (Shoals:4)
  9 toadstools (Lair:2)
  2 withered plants
120 creatures vanquished.

Grand Total: 2674 creatures vanquished

Notes
Turn   | Place    | Note
-------+----------+-------------------------------------------
     0 | D:1      | tv1990 the Formicid Necromancer began the quest for the Orb.
     0 | D:1      | Reached XP level 1. HP: 13/13 MP: 3/3
   647 | D:1      | Reached XP level 2. HP: 15/20 MP: 5/5
   894 | D:1      | Reached skill level 1 in Maces & Flails
   916 | D:1      | Reached XP level 3. HP: 24/25 MP: 6/6
  1451 | D:2      | Reached XP level 4. HP: 28/31 MP: 7/7
  1693 | D:2      | Reached skill level 5 in Necromancy
  1945 | D:2      | Noticed a moth of wrath
  1947 | D:2      | Found a bloodstained altar of Trog.
  2143 | D:2      | Reached XP level 5. HP: 33/36 MP: 8/8
  2289 | D:3      | Noticed Ijyb
  2314 | D:2      | Killed Ijyb
  2492 | D:3      | Reached XP level 6. HP: 41/42 MP: 9/9
  2641 | D:3      | Noticed Sigmund
  2659 | D:3      | Killed Sigmund
  2659 | D:3      | Reached XP level 7. HP: 31/47 MP: 10/10
  3199 | D:3      | Reached skill level 5 in Maces & Flails
  3434 | D:4      | Found an iron altar of Okawaru.
  3444 | D:4      | Became a worshipper of Warmaster Okawaru
  3554 | D:4      | Noticed Pikel
  3579 | D:4      | Killed Pikel
  3579 | D:4      | Reached * piety under Okawaru
  3579 | D:4      | Reached ** piety under Okawaru
  3579 | D:4      | Reached XP level 8. HP: 26/53 MP: 11/11
  3673 | D:4      | Found a snail-covered altar of Cheibriados.
  3700 | D:4      | Noticed Robin
  3702 | D:4      | Killed Robin
  3888 | D:4      | Found a sand-covered staircase.
  3893 | Ossuary  | Entered an ossuary
  4279 | Ossuary  | Reached XP level 9. HP: 24/58 MP: 12/12
  4677 | D:4      | Reached skill level 5 in Invocations
  4864 | D:4      | Found a burning altar of Makhleb.
  4864 | D:4      | Found a faded altar of an unknown god.
  4869 | D:4      | Found a faded altar of an unknown god.
  4871 | D:4      | Found a faded altar of an unknown god.
  4873 | D:4      | Found a faded altar of an unknown god.
  4962 | D:4      | Found a basalt altar of Yredelemnul.
  4987 | D:5      | Entered Level 5 of the Dungeon
  4987 | D:5      | Noticed Duvessa
  4990 | D:5      | Noticed Dowan
  5001 | D:5      | Killed Duvessa
  5007 | D:5      | Killed Dowan
  5197 | D:5      | Reached skill level 1 in Shields
  5259 | D:5      | Found a snail-covered altar of Cheibriados.
  5401 | D:5      | Noticed TheWoodenMan's ghost (novice MfGl)
  5663 | D:5      | Found a stormy altar of Qazlal.
  5989 | D:6      | Found a runed door.
  6019 | D:6      | Reached skill level 5 in Shields
  6048 | D:6      | Found a shadowy altar of Dithmenos.
  6066 | D:6      | Noticed TotoDurand's ghost (novice DsFi)
  6407 | D:6      | Found a glowing drain.
  6412 | Sewer    | Entered a sewer
  6860 | D:6      | Found an ancient bone altar of Kikubaaqudgha.
  7048 | D:7      | Found a sparkling altar of Nemelex Xobeh.
  7120 | D:7      | Found a staircase to the Ecumenical Temple.
  7272 | D:7      | Reached *** piety under Okawaru
  7319 | D:7      | Noticed a hippogriff
  7324 | D:7      | Killed a hippogriff
  7324 | D:7      | Reached XP level 10. HP: 62/64 MP: 14/14
  7671 | D:7      | Found a shattered altar of Ashenzari.
  7726 | D:8      | Found an ancient bone altar of Kikubaaqudgha.
  7726 | D:8      | Noticed an orange demon
  7752 | D:8      | Gained mutation: You occasionally shout uncontrollably at your foes. [mutagenic meat]
  7756 | D:8      | Gained mutation: Your flesh is heat resistant. (rF+) [mutagenic meat]
  7770 | D:8      | Killed an orange demon
  7770 | D:8      | Reached skill level 10 in Shields
  8106 | D:8      | Reached **** piety under Okawaru
  8376 | D:8      | Found Savemo's Antique Armour Emporium.
  8859 | D:9      | Received a gift from Okawaru
  8918 | D:9      | Reached XP level 11. HP: 51/69 MP: 13/15
  9023 | D:9      | Found a staircase to the Orcish Mines.
  9657 | D:9      | Found a blossoming altar of Fedhas.
  9758 | D:9      | Found a staircase to the Lair.
 10046 | Lair:1   | Entered Level 1 of the Lair of Beasts
 10047 | Lair:1   | Upgraded the game from 0.19.0-22-gd96e5fe to 0.19.0-24-gb05acd6
 10065 | Lair:1   | Reached skill level 10 in Necromancy
 10353 | Lair:1   | Reached ***** piety under Okawaru
 10654 | Lair:1   | Reached skill level 10 in Maces & Flails
 11278 | Lair:2   | Noticed a lindwurm
 11280 | Lair:2   | Noticed a four-headed hydra
 11295 | Lair:2   | Killed a lindwurm
 11307 | Lair:2   | Killed a four-headed hydra
 11387 | Lair:2   | Received a gift from Okawaru
 11560 | Lair:2   | Reached XP level 12. HP: 55/75 MP: 16/16
 11818 | Lair:2   | Found a runed door.
 12063 | Lair:2   | Noticed Fannar
 12112 | Lair:2   | Killed Fannar
 12379 | Lair:2   | Noticed a six-headed hydra
 12555 | Lair:3   | Got a crude chain mail
 12572 | Lair:2   | Identified the +6 chain mail "Jorojose" {MR+ Str+3} (You found it on level 3 of the Lair of Beasts)
 12716 | Lair:1   | Learned a level 4 spell: Animate Dead
 12851 | D:6      | Killed TotoDurand's ghost
 12890 | D:6      | Found a radiant altar of Vehumet.
 13050 | D:6      | Found a runed gate.
 13061 | D:6      | Found a runed gate.
 13061 | D:6      | Found a runed gate.
 13065 | D:6      | Found a runed door.
 13114 | D:6      | Received a gift from Okawaru
 14128 | Lair:3   | Found a staircase to the Snake Pit.
 14146 | Lair:3   | Reached skill level 1 in Fighting
 14370 | Lair:4   | Noticed a seven-headed hydra
 14393 | Lair:3   | Killed a seven-headed hydra
 14393 | Lair:3   | Reached skill level 1 in Armour
 14615 | Lair:4   | Found a frozen archway.
 14621 | IceCv    | Entered an ice cave
 14918 | IceCv    | Reached XP level 13. HP: 65/84 MP: 12/17
 16201 | IceCv    | Got a heavy robe
 16212 | IceCv    | Identified the +1 robe of Elitism {rN+ Int+2} (You found it in an ice cave)
 16285 | Lair:4   | Gained mutation: You are agile. (Dex +2) [potion of beneficial mutation]
 16493 | Lair:4   | Noticed a five-headed hydra
 16503 | Lair:4   | Killed a five-headed hydra
 16512 | Lair:4   | Received a gift from Okawaru
 17139 | Lair:4   | Found a staircase to the Shoals.
 17215 | Lair:4   | Reached skill level 2 in Armour
 17252 | Lair:4   | Reached skill level 3 in Armour
 17521 | Lair:5   | Found a glowing golden altar of the Shining One.
 17783 | Lair:5   | Received a gift from Okawaru
 17798 | Lair:5   | Got a dazzling trident {god gift}
 17799 | Lair:5   | Identified the +1 trident of Light {pierce, *Corrode +Fly rElec Str+2} (Okawaru gifted it to you on level 5 of the Lair of Beasts)
 18013 | Lair:5   | Reached skill level 4 in Armour
 18137 | Lair:6   | Entered Level 6 of the Lair of Beasts
 18220 | Lair:6   | Noticed a seven-headed hydra
 18221 | Lair:6   | Reached XP level 14. HP: 80/96 MP: 21/21
 18336 | Lair:6   | Reached skill level 5 in Fighting
 18343 | Lair:6   | Reached skill level 5 in Armour
 18416 | Lair:6   | Found a runed door.
 18416 | Lair:6   | Found a viscous altar of Jiyva.
 18416 | Lair:6   | Found a staircase to the Slime Pits.
 18417 | Lair:6   | Noticed an acid blob
 18489 | Lair:6   | Reached ****** piety under Okawaru
 18594 | Lair:6   | Reached skill level 6 in Armour
 18769 | Lair:6   | Received a gift from Okawaru
 18772 | Lair:6   | Got a scorched plate armour {god gift}
 19154 | Lair:6   | Identified the +6 plate armour of Unambiguity {Regen+ Int+2} (Okawaru gifted it to you on level 6 of the Lair of Beasts)
 19225 | Lair:6   | Found a large runed door.
 19283 | Lair:6   | Found a large runed door.
 19488 | Lair:6   | Reached skill level 7 in Armour
 20089 | Lair:6   | Reached skill level 15 in Necromancy
 20363 | Lair:2   | Noticed a dire elephant
 20381 | Lair:2   | Killed a dire elephant
 20391 | Lair:2   | Identified the Almanac of the Supportive Voyage
 20523 | Orc:1    | Entered Level 1 of the Orcish Mines
 20588 | Orc:1    | Found a flagged portal.
 20632 | Bailey   | Entered a bailey
 21236 | Bailey   | Received a gift from Okawaru
 21660 | Orc:2    | Entered Level 2 of the Orcish Mines
 21668 | Orc:2    | Noticed Maurice
 21686 | Orc:2    | Killed Maurice
 21686 | Orc:2    | Reached skill level 8 in Armour
 21777 | Orc:2    | Noticed an orc warlord
 21807 | Orc:2    | Killed an orc warlord
 21807 | Orc:2    | Reached XP level 15. HP: 68/111 MP: 15/22
 21835 | Orc:2    | Found Geing's General Store.
 21843 | Orc:2    | Bought a scroll of enchant weapon for 105 gold pieces
 22178 | Orc:2    | Received a gift from Okawaru
 22190 | Orc:2    | Reached skill level 9 in Armour
 22231 | Orc:2    | Found Besoete's Antique Armour Emporium.
 22320 | Orc:2    | Reached skill level 5 in Dodging
 22728 | Orc:2    | Found a gateway to a bazaar.
 22758 | Orc:2    | Found Orhen's Jewellery Shoppe.
 22778 | Orc:2    | Bought the ring "Lem Yggi" {-Tele rF+ MR+ Dex+2} for 258 gold pieces
 22783 | Orc:2    | Found a staircase to the Elven Halls.
 22968 | Orc:2    | Found Qoggainu's Antique Weapon Emporium.
 23133 | D:10     | Entered Level 10 of the Dungeon
 24172 | D:11     | Reached skill level 10 in Fighting
 24293 | D:12     | Reached skill level 10 in Armour
 24577 | D:12     | Received a gift from Okawaru
 24738 | D:12     | Found Xocoo's Antique Weapon Shop.
 24759 | D:12     | Identified a scroll of acquirement
 24825 | D:12     | Noticed Erolcha
 24834 | D:12     | Killed Erolcha
 24981 | D:13     | Found a gate to the Vaults.
 25057 | D:13     | Received a gift from Okawaru
 25057 | D:13     | Reached XP level 16. HP: 90/124 MP: 19/23
 25094 | D:13     | Got a faintly glowing shield
 25115 | D:13     | Identified the +4 shield "Wuyn" {rPois Int+4 Dex+4} (You found it on level 13 of the Dungeon)
 25127 | D:13     | Found Badaniam's Weapon Emporium.
 26496 | D:14     | Noticed Sonja
 26508 | D:14     | Killed Sonja
 26527 | D:14     | Reached skill level 11 in Armour
 26646 | D:14     | Received a gift from Okawaru
 27643 | D:15     | Entered Level 15 of the Dungeon
 27643 | D:15     | Noticed Kirke
 27650 | D:15     | Noticed a sphinx
 27671 | D:15     | Killed Kirke
 27696 | D:15     | Found a portal to a secret trove of treasure.
 28161 | D:15     | Found a shadowy altar of Dithmenos.
 28285 | D:15     | Found a staircase to the Depths.
 28657 | Bazaar   | Entered a bazaar
 28658 | Bazaar   | Found Nuolo's Gadget Emporium.
 28658 | Bazaar   | Found Itaz's Magic Scroll Emporium.
 28659 | Bazaar   | Found Leisymur's Distillery.
 28665 | Bazaar   | Bought a scroll of enchant armour for 90 gold pieces
 28676 | Bazaar   | Bought a potion of curing for 42 gold pieces
 28676 | Bazaar   | Bought a potion of curing for 42 gold pieces
 28690 | Bazaar   | Found Fuiddib's Magic Scroll Boutique.
 28698 | Bazaar   | Bought a scroll of holy word for 90 gold pieces
 28698 | Bazaar   | Bought a scroll of fear for 42 gold pieces
 28698 | Bazaar   | Bought a scroll of identify for 24 gold pieces
 28698 | Bazaar   | Bought a scroll of identify for 24 gold pieces
 28698 | Bazaar   | Bought a scroll of fear for 42 gold pieces
 28709 | Bazaar   | Bought a scroll of identify for 24 gold pieces
 28720 | Bazaar   | Bought a potion of cure mutation for 350 gold pieces
 28741 | Orc:2    | Bought a crude plate armour for 728 gold pieces
 28741 | Orc:2    | Identified the +2 plate armour of Twilight {+Inv rPois Int-5 Dex+4} (You bought it in a shop on level 2 of the Orcish Mines)
 28877 | Snake:1  | Entered Level 1 of the Snake Pit
 29359 | Snake:1  | Received a gift from Okawaru
 29594 | Snake:1  | Reached skill level 12 in Armour
 30213 | Snake:1  | Received a gift from Okawaru
 30302 | Snake:1  | Reached XP level 17. HP: 117/135 MP: 24/24
 31571 | Snake:3  | Received a gift from Okawaru
 31690 | Snake:3  | Reached skill level 13 in Armour
 32047 | Snake:3  | Reached skill level 10 in Dodging
 33803 | Snake:4  | Entered Level 4 of the Snake Pit
 34077 | Snake:4  | Found Giarhog's Distillery.
 34103 | Snake:4  | Reached XP level 18. HP: 122/146 MP: 25/25
 34109 | Snake:4  | Bought a potion of curing for 60 gold pieces
 34109 | Snake:4  | Bought a potion of curing for 60 gold pieces
 34109 | Snake:4  | Bought a potion of curing for 60 gold pieces
 34109 | Snake:4  | Bought a potion of curing for 60 gold pieces
 34109 | Snake:4  | Bought a potion of curing for 60 gold pieces
 34256 | Snake:4  | Reached skill level 14 in Armour
 34572 | Snake:4  | Received a gift from Okawaru
 35813 | Snake:4  | Got a serpentine rune of Zot
 36507 | Shoals:1 | Entered Level 1 of the Shoals
 36575 | Shoals:1 | Noticed removeelyvilon's ghost (adept NaTm)
 36610 | Shoals:1 | Killed removeelyvilon's ghost
 36694 | Shoals:1 | Reached skill level 15 in Fighting
 37170 | Shoals:1 | Reached skill level 15 in Armour
 37170 | Shoals:1 | Reached skill level 1 in Evocations
 37219 | Shoals:1 | Received a gift from Okawaru
 37524 | Shoals:2 | Reached XP level 19. HP: 148/155 MP: 26/26
 37744 | Shoals:2 | Noticed Polyphemus
 37932 | Shoals:2 | Noticed Roxanne
 37979 | Shoals:2 | Killed Roxanne
 39161 | Shoals:3 | Received a gift from Okawaru
 39163 | Shoals:3 | Noticed Bai Suzhen
 39206 | Shoals:3 | Killed Bai Suzhen
 39340 | Shoals:3 | Noticed Ilsuiw
 39377 | Shoals:3 | Killed Ilsuiw
 39383 | Shoals:3 | Reached skill level 5 in Evocations
 40147 | Shoals:4 | Entered Level 4 of the Shoals
 40869 | Shoals:4 | Received a gift from Okawaru
 40899 | Shoals:4 | Received a gift from Okawaru
 41297 | Shoals:4 | Got a barnacled rune of Zot
 41442 | Shoals:4 | Reached skill level 16 in Armour
 41953 | Shoals:4 | Got a heavily runed wooden ring
 41954 | Shoals:4 | Identified the ring "Duot" {rElec MR+} (You found it on level 4 of the Shoals)
 41985 | Shoals:4 | Reached XP level 20. HP: 149/165 MP: 27/27
 42000 | Shoals:4 | Received a gift from Okawaru
 42193 | Shoals:1 | Got a warped scale mail {god gift}
 42194 | Shoals:1 | Identified the +1 scale mail of the Valley of Death {+Fly rElec} (Okawaru gifted it to you on level 1 of the Shoals)
 42243 | Shoals:2 | Got a scorched scale mail
 42244 | Shoals:2 | Identified the +4 scale mail of Attubysi {MR+ Int+2 Dex+4 Slay-5} (You found it on level 2 of the Shoals)
 42578 | Lair:2   | Got an ichor-stained whip
 42579 | Lair:2   | Identified the +10 whip of Battle {slash, *Rage rElec Str+9 Dex+4} (You found it on level 2 of the Lair of Beasts)
 42699 | Elf:1    | Entered Level 1 of the Elven Halls
 43808 | Elf:1    | Received a gift from Okawaru
 44707 | Elf:2    | Found Hiokkuv's Book Boutique.
 44734 | Elf:2    | Received a gift from Okawaru
 45091 | Elf:2    | Found a huge runed gate.
 45091 | Elf:2    | Found a huge runed gate.
 45091 | Elf:2    | Found a huge runed gate.
 45091 | Elf:2    | Found a huge runed gate.
 45091 | Elf:2    | Found a huge runed gate.
 45836 | Elf:2    | Reached skill level 17 in Armour
 45846 | Elf:2    | Received a gift from Okawaru
 45847 | Elf:2    | Got a brightly glowing morningstar {god gift}
 45858 | Elf:2    | Identified the +7 morningstar of Ravage {flame, +Blink Dex+4} (Okawaru gifted it to you on level 2 of the Elven Halls)
 46710 | Elf:2    | Reached XP level 21. HP: 159/174 MP: 28/28
 47778 | Elf:3    | Entered Level 3 of the Elven Halls
 48037 | Elf:3    | Found Citan's General Store.
 48037 | Elf:3    | Found Naefoz's Book Boutique.
 48038 | Elf:3    | Found Foj Kid's Gadget Shop.
 48043 | Elf:3    | Found Peagenen's Antique Weapon Boutique.
 48077 | Elf:3    | Bought a potion of curing for 63 gold pieces
 48077 | Elf:3    | Bought a scroll of fog for 42 gold pieces
 48077 | Elf:3    | Bought a scroll of fog for 42 gold pieces
 49047 | Elf:3    | Received a gift from Okawaru
 50295 | Elf:3    | Received a gift from Okawaru
 50305 | Elf:3    | Got a pitted ring mail {god gift}
 50466 | Elf:3    | Got a shimmering copper amulet
 50496 | Elf:3    | Got an encrusted dagger {pain}
 50497 | Elf:3    | Identified the cursed +1 dagger "Jyguimnoiw" {pain, rC+ rN+ Int-5} (You found it on level 3 of the Elven Halls)
 50499 | Elf:3    | Identified the amulet "Guyrpheff" {RegenMP rPois Int+7} (You took it off a deep elf blademaster on level 3 of the Elven Halls)
 50530 | Elf:3    | Reached skill level 18 in Armour
 51042 | Vaults:1 | Entered Level 1 of the Vaults
 51271 | Vaults:1 | Reached XP level 22. HP: 169/185 MP: 29/29
 51299 | Vaults:1 | Reached skill level 15 in Dodging
 51425 | Vaults:1 | Noticed Aizul
 51443 | Vaults:1 | Killed Aizul
 51449 | Vaults:1 | Received a gift from Okawaru
 51472 | Vaults:1 | Got a spiked ring mail {god gift}
 52964 | Vaults:1 | Noticed Saint Roka
 53001 | Vaults:1 | Killed Saint Roka
 53052 | Vaults:1 | Noticed Asterion
 53083 | Vaults:1 | Killed Asterion
 53654 | Vaults:1 | Reached skill level 19 in Armour
 54597 | Vaults:2 | Received a gift from Okawaru
 55367 | Vaults:2 | Reached XP level 23. HP: 194/194 MP: 30/30
 55626 | Vaults:2 | Received a gift from Okawaru
 56377 | Vaults:3 | Found Edem's Jewellery Shoppe.
 56973 | Vaults:3 | Found a staircase to the Crypt.
 56973 | Vaults:3 | Found a basalt altar of Yredelemnul.
 56974 | Vaults:3 | Found an ancient bone altar of Kikubaaqudgha.
 57951 | Vaults:4 | Received a gift from Okawaru
 58933 | Vaults:4 | Reached skill level 20 in Armour
 59539 | Vaults:4 | Received a gift from Okawaru
 59540 | Vaults:4 | Got a dazzling scale mail {god gift}
 59599 | Vaults:4 | Reached XP level 24. HP: 134/204 MP: 25/30
 60550 | Depths:1 | Entered Level 1 of the Depths
 60550 | Depths:1 | Found a gateway to a bazaar.
 60563 | Bazaar   | Entered a bazaar
 60571 | Bazaar   | Found Nanafo's Jewellery Emporium.
 60571 | Bazaar   | Found Hunesao's Book Shoppe.
 60598 | Bazaar   | Bought the ring "Goblolog" {rCorr +Inv rElec rN+ MR-} for 451 gold pieces
 60963 | Depths:1 | Found a gateway to Hell.
 62039 | Depths:2 | Received a gift from Okawaru
 63551 | Depths:2 | Noticed Nikola
 63562 | Depths:2 | Killed Nikola
 63562 | Depths:2 | Received a gift from Okawaru
 63577 | Depths:2 | Got a pair of ancient gloves
 64348 | Depths:2 | Reached XP level 25. HP: 210/212 MP: 30/30
 64512 | Depths:2 | Identified the cursed +0 pair of gloves "Uloe" {Str+6} (You took it off Nikola on level 2 of the Depths)
 64649 | Depths:3 | Found a one-way gate leading to the halls of Pandemonium.
 65718 | Depths:3 | Noticed a greater mummy
 65740 | Depths:3 | Killed a greater mummy
 65740 | Depths:3 | Received a gift from Okawaru
 65784 | Depths:3 | Noticed a greater mummy
 65792 | Depths:3 | Noticed a greater mummy
 65805 | Depths:3 | Killed a greater mummy
 65866 | Depths:3 | Killed a greater mummy
 66845 | Depths:4 | Reached skill level 15 in Maces & Flails
 67856 | Depths:4 | Found a gateway to a ziggurat.
 68166 | Depths:4 | Found a one-way gate to the infinite horrors of the Abyss.
 68194 | Depths:4 | Received a gift from Okawaru
 68586 | Depths:5 | Entered Level 5 of the Depths
 68642 | Depths:5 | Reached XP level 26. HP: 118/220 MP: 30/30
 69083 | Depths:5 | Received a gift from Okawaru
 69100 | Depths:5 | Got a crystal dire flail {god gift}
 69106 | Depths:5 | Identified the +7 dire flail of the Eel {flame, rElec} (Okawaru gifted it to you on level 5 of the Depths)
 69663 | Depths:5 | Found a snail-covered altar of Cheibriados.
 69801 | Depths:5 | Found a gateway to a bazaar.
 69910 | Depths:5 | Found a gate to the Realm of Zot.
 70171 | Depths:5 | Received a gift from Okawaru
 70655 | Vaults:5 | Entered Level 5 of the Vaults
 70668 | Vaults:5 | Noticed Mennas
 70671 | Vaults:5 | Received a gift from Okawaru
 70723 | Vaults:4 | Killed Mennas
 70723 | Vaults:4 | Reached skill level 21 in Armour
 70896 | Vaults:5 | Noticed Jory
 70906 | Vaults:5 | Received a gift from Okawaru
 70930 | Vaults:4 | Killed Jory
 71312 | Vaults:5 | Reached XP level 27. HP: 102/228 MP: 23/30
 71597 | Vaults:5 | Got a crude dire flail {god gift}
 71598 | Vaults:5 | Identified the +8 dire flail "Xosu" {crush, +Rage rC+ MP-9 Str+3} (Okawaru gifted it to you on level 5 of the Vaults)
 72049 | Vaults:5 | Received a gift from Okawaru
 72391 | Vaults:5 | Got a shimmering tin ring
 72460 | Vaults:5 | Noticed an ancient lich
 72483 | Vaults:5 | Killed an ancient lich
 72490 | Vaults:5 | Noticed Xtahua
 73100 | Vaults:5 | Reached skill level 22 in Armour
 73156 | Vaults:5 | Identified the ring "Jath" {MR+ Str+5 Dex-4} (You took it off a vault warden on level 5 of the Vaults)
 73617 | Vaults:5 | Killed Xtahua
 73839 | Vaults:5 | Got a silver rune of Zot
 74006 | Vaults:5 | Found Lodghidoll's Distillery.
 74011 | Vaults:5 | Found Syroikeo's Distillery.
 74019 | Vaults:5 | Bought a potion of beneficial mutation for 665 gold pieces
 74019 | Vaults:5 | Bought a potion of beneficial mutation for 665 gold pieces
 74021 | Vaults:5 | Gained mutation: You are robust. (+10% HP) [potion of beneficial mutation]
 74022 | Vaults:5 | Gained mutation: You are resistant to hostile enchantments. (MR+) [potion of beneficial mutation]
 74058 | Vaults:5 | Found Plog's Food Shop.
 74058 | Vaults:5 | Found Looraopp's Food Emporium.
 74077 | Vaults:5 | Found Haocram's Distillery.
 74094 | Vaults:5 | Found Uquatz's Food Boutique.
 74094 | Vaults:5 | Found Morerr's Food Shoppe.
 74104 | Vaults:5 | Found Cauhun's Magic Scroll Shop.
 74112 | Vaults:5 | Bought 3 scrolls of summoning for 655 gold pieces
 74112 | Vaults:5 | Bought a scroll of identify for 46 gold pieces
 74179 | Vaults:5 | Gained mutation: Armour fits poorly on your strangely shaped body. [a cacodemon]
 74189 | Vaults:5 | Was placed under penance by Okawaru
 74671 | Vaults:5 | Lost mutation: Your flesh is heat resistant. (rF+) [potion of cure mutation]
 74671 | Vaults:5 | Lost mutation: You occasionally shout uncontrollably at your foes. [potion of cure mutation]
 74671 | Vaults:5 | Lost mutation: You are resistant to hostile enchantments. (MR+) [potion of cure mutation]
 74671 | Vaults:5 | Lost mutation: You are agile. (Dex +2) [potion of cure mutation]
 74671 | Vaults:5 | Lost mutation: Armour fits poorly on your strangely shaped body. [potion of cure mutation]
 75328 | Zot:1    | Entered Level 1 of the Realm of Zot
 75346 | Zot:1    | Noticed an orb of fire
 75543 | Depths:5 | Gained mutation: You are dopey. (Int -2) [an orb of fire]
 75553 | Depths:5 | Gained mutation: You are weak. (Str -2) [an orb of fire]
 75599 | Depths:5 | Gained mutation: You expend magic power (3 MP) to strengthen your wands. [an orb of fire]
 75604 | Depths:5 | Gained mutation: Your system is resistant to poisons. (rPois) [an orb of fire]
 75633 | Depths:5 | Lost mutation: You are robust. (+10% HP) [an orb of fire]
 75639 | Depths:5 | Gained mutation: Your body sometimes deteriorates upon taking damage. [an orb of fire]
 75640 | Depths:5 | Killed an orb of fire
 75640 | Depths:5 | Was forgiven by Okawaru
 75792 | Depths:5 | Lost mutation: You are weak. (Str -2) [potion of cure mutation]
 75792 | Depths:5 | Lost mutation: Your body sometimes deteriorates upon taking damage. [potion of cure mutation]
 75792 | Depths:5 | Lost mutation: You are dopey. (Int -2) [potion of cure mutation]
 75792 | Depths:5 | Lost mutation: You expend magic power (3 MP) to strengthen your wands. [potion of cure mutation]
 76599 | Zot:1    | Received a gift from Okawaru
 77709 | Zot:2    | Received a gift from Okawaru
 77756 | Zot:2    | Reached skill level 23 in Armour
 78583 | Zot:3    | Received a gift from Okawaru
 78749 | Zot:3    | Noticed magipi's ghost (veteran DEBe)
 78779 | Zot:3    | Killed magipi's ghost
 79580 | Zot:3    | Received a gift from Okawaru
 79829 | Zot:3    | Got a spiked plate armour {god gift}
 79830 | Zot:3    | Identified the +9 plate armour of the Sacrificial Victim {rPois Int+8 Stlth+} (Okawaru gifted it to you on level 3 of the Realm of Zot)
 80477 | Zot:4    | Noticed an orb of fire
 80507 | Zot:4    | Gained mutation: You are partially covered in rugged brown scales. (AC +1, +3% HP) [an orb of fire]
 80577 | Zot:4    | Killed an orb of fire
 80997 | Zot:4    | Reached skill level 24 in Armour
 81585 | Zot:5    | Entered Level 5 of the Realm of Zot
 81740 | Zot:5    | Received a gift from Okawaru
 81941 | Zot:5    | Got a pair of jewelled boots
 81942 | Zot:5    | Identified the +0 pair of boots of Amelioration {rPois Regen+ Str-4 Dex+2} (You acquired it on level 5 of the Realm of Zot)
 82403 | Zot:5    | Noticed an ancient lich
 82423 | Zot:5    | Killed an ancient lich
 82430 | Zot:5    | Received a gift from Okawaru
 82458 | Zot:5    | Got a dazzling eveningstar {god gift}
 82459 | Zot:5    | Identified the +1 eveningstar "Laclydec" {crush, *Noise rElec rF- rC+++} (Okawaru gifted it to you on level 5 of the Realm of Zot)
 82495 | Zot:5    | Noticed an ancient lich
 82535 | Zot:5    | Killed an ancient lich
 82707 | Zot:5    | Noticed an orb of fire
 82731 | Zot:5    | Killed an orb of fire
 82815 | Zot:5    | Received a gift from Okawaru
 82829 | Zot:5    | Noticed an orb of fire
 82830 | Zot:5    | Gained mutation: Your body sometimes deteriorates upon taking damage. [an orb of fire]
 82832 | Zot:5    | Gained mutation: Scrolls take you a little longer to read. [an orb of fire]
 82850 | Zot:5    | Killed an orb of fire
 82929 | Zot:5    | Reached skill level 25 in Armour
 82958 | Zot:5    | Received a gift from Okawaru
 82967 | Zot:5    | HP: 9/247 [Orb Guardian (24)]
 82972 | Zot:5    | HP: 7/247 [Orb Guardian (20)]
 82973 | Zot:5    | Slain by an Orb Guardian

Skill      XL: |  1  2  3  4  5  6  7  8  9 10 11 12 13 14 15 16 17 18 19 20 21 22 23 24 25 26 27 |
---------------+----------------------------------------------------------------------------------+-----
Maces & Flails | 1 2 3 4 6 8 10 12 16 18 | 18.0
Necromancy     | 5 6 7 8 9 11 12 14 15 16 18 | 18.5
Invocations    | 3 4 5 6 9 |  9.4
Shields        | 8 10 | 10.5
Fighting       | 2 4 8 10 12 14 15 16 17 18 19 20 21 24 | 24.9
Armour         | 1 4 8 10 12 13 15 16 17 18 19 20 21 25 | 25.0
Dodging        | 3 6 9 10 12 13 14 15 16 17 21 | 21.2
Evocations     | 2 7 8 |  8.0
Stealth        | |  2.4
Spellcasting   | |  2.2

Action                   |  1- 3 |  4- 6 |  7- 9 | 10-12 | 13-15 | 16-18 | 19-21 | 22-24 | 25-27 || total
-------------------------+-------+-------+-------+-------+-------+-------+-------+-------+-------++-------
Melee: Unarmed           |    12 |       |       |       |       |       |       |       |       ||    12
       Whip              |    68 |   169 |   812 |  1001 |  1451 |  1718 |  2309 |  2729 |  2799 || 13056
       Dagger            |     3 |       |       |       |       |       |       |       |       ||     3
       Punch             |       |       |     3 |       |       |       |       |       |       ||     3
       Demon whip        |       |       |       |    58 |   128 |       |    91 |   162 |    23 ||   462
       Staff             |       |       |       |     9 |       |       |       |       |       ||     9
       Morningstar       |       |       |       |       |       |       |    21 |       |       ||    21
       Dire flail        |       |       |       |       |       |       |       |   119 |   833 ||   952
       Sacred scourge    |       |       |       |       |       |       |       |       |    92 ||    92
Throw: Javelin           |       |       |       |       |       |       |       |     1 |       ||     1
 Cast: Pain              |     7 |       |       |     1 |       |       |       |     2 |       ||    10
       Animate Dead      |       |       |       |     1 |    42 |    45 |    27 |    49 |    34 ||   198
Invok: Heroism           |       |       |     9 |    11 |    28 |    14 |    20 |    21 |    29 ||   132
       Finesse           |       |       |       |     4 |    13 |     6 |     8 |    15 |    17 ||    63
 Abil: Dig               |       |     5 |    12 |     8 |    17 |    13 |    27 |     1 |    28 ||   111
Evoke: Wand              |       |       |       |    12 |     9 |       |     8 |     6 |    16 ||    51
       Staff of Olgreb   |       |       |       |     3 |       |       |       |       |       ||     3
       Box of beasts     |       |       |       |       |       |       |       |       |     1 ||     1
  Use: Scroll            |       |       |    22 |     6 |    14 |     6 |    25 |     5 |    44 ||   122
       Potion            |       |       |     2 |     4 |     9 |     4 |     3 |       |    18 ||    40
 Stab: Distracted        |       |       |       |       |     4 |     5 |     7 |    13 |    16 ||    45
       Invisible         |       |       |       |       |       |       |     9 |       |       ||     9
       Paralysed         |       |       |       |       |       |       |     1 |       |       ||     1
  Eat: Chunk             |     2 |     5 |    12 |    28 |    26 |    16 |    33 |    35 |    25 ||   182
       Meat ration       |       |       |     1 |     1 |     3 |     5 |     3 |     4 |     8 ||    25
       Pizza             |       |       |       |     3 |       |     3 |       |     1 |     2 ||     9
       Beef jerky        |       |       |       |     1 |       |     4 |     4 |     1 |       ||    10
       Royal jelly       |       |       |       |       |       |     1 |       |       |     2 ||     3
       Bread ration      |       |       |       |       |       |       |       |       |     1 ||     1
Armor: Robe              |     1 |       |       |       |       |       |       |       |       ||     1
       Chain mail        |    39 |    94 |   157 |    54 |   253 |   274 |   413 |       |       ||  1284
       Plate armour      |       |       |   184 |   232 |       |       |       |       |       ||   416
       Gold dragon scale |       |       |       |       |       |       |    38 |   771 |  1028 ||  1837
Dodge: Dodged            |    28 |    49 |   133 |   111 |   218 |   407 |   688 |   722 |  1161 ||  3517
Block: Shield            |       |       |       |   362 |   557 |   964 |  1038 |  1676 |  1912 ||  6509
       Reflection        |       |       |       |       |       |       |    18 |       |       ||    18

Vault maps used:
D:1:      ncdulo_lavacross, nrook_mini_backslash
D:2:      tgw_trog, first_bread
D:3:      uniq_sigmund, uniq_iyjb
D:4:      lemuel_doored_altar, chequers_temple_overflow_minitemple,
          okawaru_metal_pillars_1_2, lemuel_zombie_altar_yredelemnul,
          enter_ossuary_2, uniq_robin, uniq_pikel
D:5:      nicolae_overflow_hidden_temple, basic_altar, uniq_duvessa
D:6:      vehumet_altar_wand_db, kiku_gazebo_garden_becter,
          grunt_dithmenos_smoke_and_mirrors, portal_sewer_entry_e,
          minmay_guarded_unrand_staff_of_olgreb
D:7:      marbit_many_paths, lemuel_coloured_pillars_altar, the_bakery,
          minivault_19, minmay_misc_feat_encased
D:8:      serial_shops, nicolae_shop_overgrown_old_shop, lemuel_hellish_altar
D:9:      kennysheep_little_box, zombieorc2_lemuel
D:12:     minmay_connected_triangles_in_corner, serial_shops,
          nicolae_shop_overgrown_old_shop, uniq_erolcha
D:13:     erik_vaults_2, serial_glass, glass_columns_a, glass_columns_a,
          glass_columns_b, glass_columns_c, serial_shops,
          nicolae_shop_waterfront
D:14:     hangedman_decor_points, hive_lemuel, uniq_sonja
D:15:     grunt_enter_depths_snipers, enter_trove_3, serial_column_ruins,
          column_ruins_temple_hut, column_ruins_corridor_T,
          column_ruins_columns_straight, column_ruins_corridor_straight,
          column_ruins_open_tiny, column_ruins_corridor_dead_end,
          column_ruins_grid_4, column_ruins_columns_dead_end, uniq_kirke
Lair:1:   lemuel_fruit_fields
Lair:2:   gammafunk_lair_enchanted_lake, beast_lair_carwin_2, uniq_fannar
Lair:3:   guppyfry_snake_entry_island, lemuel_fruit_fields, lemuel_fruit_fields,
          infiniplex_staircase_pool_2
Lair:4:   elwin_shoals_entry_rooms, portal_ice_cave_entry_pillars_2
Lair:5:   lab_entry_generic, basic_altar
Lair:6:   cheibrodos_lair_end_hotspot, slime_altar_2
Shoals:1: nicolae_shoals_undead_eyrie
Shoals:2: uniq_polyphemus, uniq_roxanne
Shoals:3: uniq_bai_suzhen, uniq_ilsuiw
Shoals:4: shoals_end_grunt_ice, shoal_ilsuiw, argonaut_gorgonesque
Snake:3:  nicolae_snake_hallway
Snake:4:  minmay_snake_end_coiled, serial_shops, shop, grunt_ministairs_1
Orc:1:    basic_altar, enter_bailey_4, uniq_harold, uniq_snorg
Orc:2:    grunt_orc_gardens, grunt_orc_garden, grunt_orc_garden,
          grunt_orc_garden, grunt_orc_garden, serial_shops, bzr_entry_islet,
          uniq_maurice
Elf:1:    hangedman_elf_represent, st_stairs_12, corner_web_ring
Elf:2:    minmay_shop_star
Elf:3:    minmay_elf_hall_not_hex, minmay_shoptagon
Vaults:1: vaults_mumra_hex, v_rooms_2, vaults_mumra_lcd, v_misc_31,
          ontoclasm_vaults_bender, st_cross, nicolae_vaults_network_star,
          nicolae_vaults_ninety_degrees, hangedman_vaults_hat, v_misc_22,
          uniq_asterion, uniq_saint_roka, uniq_aizul
Vaults:2: hangedman_vaults_stream, v_alt_pattern_5, ontoclasm_vaults_tryst,
          ontoclasm_vaults_pinch, v_misc_16, v_misc_25, ontoclasm_vaults_twist,
          ontoclasm_vaults_eye, ontoclasm_vaults_fault,
          nicolae_vaults_yaktaur_gun_rack
Vaults:3: vaults_room_door_hall, minmay_crypt_entry_necro_gods, v_misc_11,
          serial_shops, nicolae_shop_behind_doors
Vaults:4: nicolae_vaults_rhombus_7, grunt_vaults_twisty,
          vaults_room_hangedman_quadrants, grunt_vaults_trifunnel,
          vaults_standard_mumra_x, v_misc_9, v_pattern_5, grunt_vaults_swirl,
          nicolae_vaults_rhombus_6, nicolae_vaults_asterisk,
          nicolae_vaults_little_squares_2
Vaults:5: serial_shops, uniq_jory, uniq_mennas, uniq_xtahua
Depths:1: serial_shops, freezing_bzr, hangedman_decor_opposing,
          grunt_mini_vestibule, minivault_11, dispersion_dpeg,
          serial_bayou_shore_b
Depths:2: kb_forest_paths, hell_entry, serial_bayou_lagoon_a, uniq_nikola
Depths:3: minmay_guarded_unrand_sceptre_of_torment, pan_entry, hell_entry,
          hangedman_abyss_or_decor_jellyfish_corner, minmay_staircase_statues,
          serial_bayou_shore_b
Depths:4: hangedman_surveillance_ring, enter_ziggurat_f, serial_bayou_shore_a,
          pf_coc_iceberg, abyss_entry_crystal, lightli_minifort
Depths:5: evilmike_zot_entry_round, hell_entry, lemuel_statue_altar,
          serial_shops, statue_bzr
Zot:1:    kennysheep_blocky_room, hangedman_zot_decor_unnerving_road
Zot:2:    st_small_dragon_hoard_2
Zot:3:    grunt_megastairs_4
Zot:5:    st_stairs_10
Bazaar:   bazaar_minmay_plants, bazaar_mystics
Sewer:    sewer_co_cracked_pipes
Ossuary:  ossuary_zaba_flooded
Bailey:   bailey_polearm_2, bailey
IceCv:    ice_cave_tombish
